 Dungeon Crawl Stone Soup version 0.27-a0-1591-gc56fcc985a (webtiles) character file.

Game seed: 818337859676125436

10790 daftaero the Fighter (level 11, -2/105 HPs)
             Began as a Minotaur Berserker on July 19, 2021.
             Was a High Priest of Trog.
             Shot with an arrow by Nessos (10 damage)
             ... on level 12 of the Dungeon.
             The game lasted 00:15:43 (8501 turns).

daftaero the Fighter (Minotaur Berserker)           Turns: 8501, Time: 00:15:44

Health: -2/105     AC: 19    Str: 30    XL:     11   Next: 40%
Magic:  10/10      EV: 10    Int:  4    God:    Trog [*****.]
Gold:   380        SH:  5    Dex: 11    Spells: 10/10 levels left

rFire    + . .     SeeInvis .   q - +1 morningstar (venom)
rCold    . . .     Faith    .   (no shield)
rNeg     . . .     Spirit   .   D - +0 plate armour
rPois    .         Reflect  +   (helmet restricted)
rElec    .         Harm     .   e - +2 cloak
rCorr    .         Rampage  .   g - +1 pair of gloves
Will     .....                  (no boots)
Stlth    ..........             t - amulet of reflection
HPRegen  0.27/turn              d - ring of protection from fire
MPRegen  0.12/turn              j - +6 ring of strength

@: lethally poisoned (-2 -> -32)
A: horns 2, retaliatory headbutt
a: Renounce Religion, Berserk, Trog's Hand, Brothers in Arms


You were on level 12 of the Dungeon.
You worshipped Trog.
Trog was extremely pleased with you.
You visited 2 branches of the dungeon, and saw 13 of its levels.

You collected 555 gold pieces.
You spent 175 gold pieces at shops.

Inventory:

Hand Weapons
 q - a +1 morningstar of venom (weapon)
 u - a +2 whip of electrocution
 C - the +5 hunting sling of Zualengigyw {vorpal, Dex+2}
   (You bought it in a shop on level 7 of the Dungeon)

   Any ammunition fired from it inflicts extra damage upon your enemies.
   Dex:       It affects your dexterity (+2).
Missiles
 h - 2 throwing nets
 n - 28 boomerangs (quivered)
 E - 22 sling bullets
Armour
 e - a +2 cloak (worn)
 g - a +1 pair of gloves (worn)
 D - a +0 plate armour (worn)
Jewellery
 d - a ring of protection from fire (left hand)
 j - a +6 ring of strength (right hand)
 o - an amulet of regeneration
 t - an amulet of reflection (around neck)
 G - an amulet of magic regeneration
Wands
 c - a wand of paralysis (6)
 r - a wand of polymorph (9)
 v - a wand of acid (15)
 y - a wand of digging (7)
 A - a wand of iceblast (5)
Scrolls
 a - 2 scrolls of enchant armour
 b - a scroll of fog
 f - 15 scrolls of identify
 i - 5 scrolls of teleportation
 s - 2 scrolls of noise {unknown}
 z - a scroll of blinking
 F - a scroll of enchant weapon
Potions
 k - 5 potions of curing
 l - 3 potions of brilliance {unknown}
 m - 3 potions of lignification {unknown}
 p - 4 potions of heal wounds {unknown}
 w - a potion of degeneration {unknown}
 x - a potion of flight {unknown}
 B - a potion of haste {unknown}


   Skills:
 + Level 12.6 Fighting
 + Level 12.6 Maces & Flails
 + Level 3.6 Slings
 + Level 8.9 Armour
 + Level 8.1 Dodging


You had 10 spell levels left.
You didn't know any spells.
Your spell library was empty.

Dungeon Overview and Level Annotations

Branches:
Dungeon (12/15)            Temple (1/1) D:4            Lair (0/6) D:10
    Orc: D:9-12

Altars:
Ashenzari
Cheibriados
Dithmenos
Elyvilon
Fedhas
Gozag
Hepliaklqana
Kikubaaqudgha
Makhleb
Nemelex Xobeh
Okawaru
Qazlal
Ru
Sif Muna
Trog
Uskayaw
Vehumet
Wu Jian
Xom
Yredelemnul
Zin
The Shining One

Shops:
D:2 :   D:5 *   D:7 (

Annotations:
D:12 Nessos


Innate Abilities, Weirdness & Mutations

You have a pair of horns on your head.
You reflexively headbutt those who attack you in melee.


Message History

There is a stone staircase leading down here.
You see here a +0 robe.
Found a stone staircase leading down.
Nessos the Markscentaur comes into view.
Nessos wields a +3 longbow of flaming.
It bursts into flame!
Nessos shoots an arrow.
The arrow hits you! The arrow burns you.
You are poisoned.
Nessos gestures wildly while chanting.
Nessos seems to speed up.
You feel very sick.
You feel very sick.
Nessos shoots an arrow.
The arrow hits you! The arrow burns you.
You are more poisoned.
Nessos shoots an arrow.
You reflect the arrow off an invisible shield around you!
The arrow hits Nessos!!
The arrow burns Nessos!
Nessos looks as sick as possible!
You see here 21 stones.
You feel very sick.
Nessos shoots an arrow.
The arrow hits you.
You are more poisoned.
Nessos shoots an arrow.
The arrow hits you! The arrow burns you.
You are more poisoned.
You feel extremely sick.
Nessos intently looks at you, slowly moving their tail.
Nessos blinks!
* * * LOW HITPOINT WARNING * * *
You feel extremely sick.
Nessos shoots an arrow.
The arrow closely misses you.
* * * LOW HITPOINT WARNING * * *
You feel very sick.
* * * LOW HITPOINT WARNING * * *
You feel very sick.
Nessos shoots an arrow.
The arrow hits you!
* * * LOW HITPOINT WARNING * * *
The arrow burns you.
You are more poisoned.
* * * LOW HITPOINT WARNING * * *
Nessos shoots an arrow.
The arrow hits you!
You die...

#.# #.........#
#..#.# #.........#
#..#.####.c.......#
#..#...c..........#
#..#...(..........#
#..#[.............#
#..#.###..........#
#..#.# #..........#
#..@.# #...#####..#
#....# #...# #..#
#....# #...# #..##
#....# #...# #....
#....# #...# #....
#....# #...# #....
#....# #...# #<...
#....# #...# #....
#....# #...# #....


You could see Nessos (fast, very poisoned).

Vanquished Creatures
  Harold (D:8)
  A two-headed ogre (D:5)
  Pikel (D:9)
  A cyclops (D:11)
  An unseen horror (D:12)
  A kobold demonologist (D:11)
  2 wyverns (D:9)
  8 yaks
  A steam dragon (D:8)
  2 vampire mosquitoes (D:11)
  Duvessa (D:6)
  3 orc warriors
  3 sky beasts
  5 necrophages
  3 ogres
  A lemure (D:10)
  6 centaurs
  A kobold brigand (D:11)
  A bullfrog (D:7)
  A scorpion (D:4)
  Dowan (D:6)
  8 killer bees (D:8)
  7 wights (D:11)
  3 electric eels
  2 howler monkeys
  12 centaur zombies
  4 hounds
  A jelly (D:6)
  A gnoll shaman (D:6)
  2 orc priests
  A centaur skeleton (D:6)
  3 iguanas (D:7)
  4 orc wizards
  A killer bee zombie (D:6)
  2 mummies (D:11)
  A hound skeleton (D:4)
  8 gnolls
  A howler monkey skeleton (D:5)
  4 adders
  An ufetubus (D:6)
  A worm (D:3)
  21 orcs
  6 bats
  8 endoplasms
  3 giant cockroaches
  5 goblins
  7 hobgoblins
  3 jackals (D:4)
  9 kobolds
  5 quokkas
  4 ball pythons
  3 frilled lizards (D:1)
  3 rats
189 creatures vanquished.

Vanquished Creatures (others)
  21 plants (D:4)
21 creatures vanquished.

Grand Total: 210 creatures vanquished

Notes
Turn   | Place    | Note
-------+----------+-------------------------------------------
     0 | D:1      | daftaero the Minotaur Berserker began the quest for the
                  | Orb.
     0 | D:1      | Reached XP level 1. HP: 19/19 MP: 0/0
   443 | D:1      | Found a faded altar of an unknown god.
   451 | D:1      | Reached XP level 2. HP: 27/27 MP: 1/1
   837 | D:2      | Found an iron altar of Okawaru.
  1011 | D:2      | Reached XP level 3. HP: 34/34 MP: 2/2
  1190 | D:2      | Found Jimareve's Book Shop.
  1540 | D:2      | Reached ** piety under Trog
  2355 | D:4      | Noticed an ogre
  2362 | D:4      | Killed an ogre
  2363 | D:4      | Reached skill level 5 in Fighting
  2363 | D:4      | Reached skill level 5 in Maces & Flails
  2363 | D:4      | Reached XP level 4. HP: 37/42 MP: 3/3
  2363 | D:4      | Reached XP level 5. HP: 43/48 MP: 4/4
  2411 | D:4      | Found a staircase to the Ecumenical Temple.
  2625 | D:4      | Noticed an orc warrior
  2637 | D:4      | Killed an orc warrior
  2700 | D:4      | Found a stormy altar of Qazlal.
  2701 | D:4      | Noticed an air elemental
  2715 | D:4      | Noticed a fire elemental
  2721 | D:4      | Noticed a water elemental
  2750 | D:4      | Reached XP level 6. HP: 57/57 MP: 5/5
  3270 | D:5      | Entered Level 5 of the Dungeon
  3339 | Temple   | Entered the Ecumenical Temple
  3461 | D:5      | Reached *** piety under Trog
  3488 | D:5      | Reached XP level 7. HP: 42/66 MP: 6/6
  3634 | D:5      | Noticed a two-headed ogre
  3644 | D:5      | Killed a two-headed ogre
  3645 | D:5      | Reached XP level 8. HP: 78/78 MP: 7/7
  3709 | D:5      | Found Dieschon's Overcharged Wands.
  4039 | D:6      | Noticed Duvessa
  4040 | D:6      | Noticed Dowan
  4049 | D:6      | Killed Duvessa
  4053 | D:6      | Killed Dowan
  4133 | D:6      | Reached skill level 10 in Fighting
  4133 | D:6      | Reached skill level 10 in Maces & Flails
  4358 | D:6      | Reached XP level 9. HP: 84/85 MP: 8/8
  4419 | D:6      | Reached **** piety under Trog
  4772 | D:7      | You fall into a shaft and drop 3 floors!
  4772 | D:10     | Entered Level 10 of the Dungeon
  4983 | D:10     | HP: 4/86 [electric eel/bolt of electricity (8)]
  5060 | D:10     | Reached skill level 5 in Armour
  5124 | D:10     | Reached skill level 5 in Dodging
  5185 | D:10     | Found a staircase to the Lair.
  5536 | D:9      | Noticed Pikel
  5549 | D:9      | Killed Pikel
  5583 | D:9      | Reached XP level 10. HP: 75/96 MP: 9/9
  5767 | D:7      | Found Oruvek's Antique Weapon Boutique.
  5770 | D:7      | Bought an ancient hunting sling for 175 gold pieces
  5770 | D:7      | Identified the +5 hunting sling of Zualengigyw {vorpal,
                  | Dex+2} (You bought it in a shop on level 7 of the Dungeon)
  6242 | D:8      | Noticed Harold
  6251 | D:8      | Killed Harold
  6999 | D:9      | Identified the +9 spear of the Key {speed, rF+ Int+2}
  7076 | D:9      | You fall into a shaft and drop 2 floors!
  7158 | D:11     | Reached skill level 1 in Slings
  7168 | D:11     | Reached XP level 11. HP: 95/104 MP: 10/10
  7349 | D:11     | Reached ***** piety under Trog
  8494 | D:12     | Noticed Nessos
  8501 | D:12     | Shot with an arrow by Nessos

Illustrated notes

Levels and vault maps discovered:
D:1:      grunt_arrival_crossed_arrows, layout_rooms,
          chequers_ecumenical_altar_simple
D:2:      layout_basic, basic_altar, serial_shops, shop, minmay_ruptured
D:3:      layout_loops_ring
D:4:      layout_basic, nicolae_qazlal_style_of_elements,
          minmay_temple_entry_drinking_statues, serial_bayou,
          serial_bayou_pond_d, serial_bayou_pond_c, serial_bayou_pond_c,
          serial_bayou_ford_a, serial_bayou_pond_c
D:5:      layout_cave_pools, nicolae_shop_overcharged_wands
D:6:      layout_basic, minivault_4, uniq_duvessa
D:7:      layout_basic, serial_shops, shop, serial_park_tiny_2
D:8:      layout_loops_ring, abandoned_shop, uniq_harold
D:9:      layout_rooms, kb_rosetta, uniq_pikel
D:10:     layout_long_grid, lair_entry_dummy, minivault_4
D:11:     layout_long_grid, serial_undead, serial_undead_b, serial_undead_a,
          serial_undead_a, serial_undead_a, serial_undead_c
D:12:     minmay_chambers_of_sevens, layout_long_grid,
          minmay_orc_entry_guard_dogs, enter_trove_6, uniq_nessos, uniq_frances
Temple:   dpeg_three_leaves_temple

Skill      XL: |  1  2  3  4  5  6  7  8  9 10 11 |
---------------+----------------------------------+-----
Fighting       | 4 5 6 7 9 10 11 12 | 12.6
Maces & Flails | 4 5 6 7 9 10 11 12 | 12.6
Armour         | 3 6 8 |  8.9
Dodging        | 3 5 7 8 |  8.1
Slings         | 2 3 |  3.6

Action                   |  1- 3 |  4- 6 |  7- 9 | 10-12 || total
-------------------------+-------+-------+-------+-------++-------
Melee: Mace              |    76 |       |       |       ||    76
       Headbutt          |     9 |     9 |    32 |    71 ||   121
       Morningstar       |    10 |    64 |   132 |   189 ||   395
Throw: Boomerang         |     1 |     2 |     8 |       ||    11
Invok: Berserk           |     1 |     1 |     3 |     2 ||     7
  Use: Scroll            |       |       |    12 |     1 ||    13
 Stab: Sleeping          |     3 |     1 |       |       ||     4
Armor: Animal skin       |    23 |     3 |       |       ||    26
       Chain mail        |       |    32 |    77 |    12 ||   121
       Plate armour      |       |       |       |   159 ||   159
Dodge: Dodged            |    57 |    31 |    45 |    92 ||   225
Block: Other             |       |       |       |    61 ||    61
       Reflection        |       |       |       |    11 ||    11

Table legend: (Time is in decaauts)
 A = Elapsed time spent in this place.
 B = Non-inter-level travel time spent in this place.
 C = Inter-level travel time spent in this place.
 D = Time resting spent in this place.
 E = Time spent auto-exploring this place.
 F = Levels seen in this place.
 G = Mean time per level.
                   A        B        C        D        E       F      G
               +--------+--------+--------+--------+--------+-----+--------+
         Total |   8613 |   8248 |    365 |    317 |   6154 |  13 |  662.5 |
       Dungeon |   8532 |   8183 |    349 |    317 |   6089 |  12 |  711.0 |
        Temple |     80 |     65 |     15 |      0 |     65 |   1 |   80.0 |
               +--------+--------+--------+--------+--------+-----+--------+

Top non-repeatable levels by time:
    D:11: 1305 daAuts
     D:4: 1060 daAuts
     D:1: 843 daAuts
     D:8: 827 daAuts
    D:10: 788 daAuts
     D:2: 767 daAuts
     D:3: 756 daAuts
     D:7: 701 daAuts
     D:6: 674 daAuts
     D:5: 520 daAuts
     D:9: 188 daAuts
    D:12: 98 daAuts
  Temple: 80 daAuts
